 Dungeon Crawl Stone Soup version 0.30.1 (webtiles) character file.

Game seed: 5233089456387001120

6078 Pooter the Skirmisher (level 10, -3/91 HPs)
             Began as a Minotaur Berserker on July 10, 2023.
             Was an Elder of Trog.
             Slain by a sun demon (17 damage)
             ... summoned by an obsidian statue
             ... on level 9 of the Dungeon on July 11, 2023.
             The game lasted 00:37:07 (9776 turns).

Pooter the Skirmisher (Minotaur Berserker)          Turns: 9776, Time: 00:37:08

Health: -3/91      AC: 11    Str: 24    XL:     10   Next: 57%
Magic:  9/9        EV: 11    Int:  6    God:    Trog [****..]
Gold:   540        SH:  0    Dex: 14    Spells: 9/9 levels left

rFire   . . .        a - +1 great mace of the Twelve Invaders {heavy, rC+ Int+2 Dex+2}
rCold   + . .        (shield currently unavailable)
rNeg    . . .        L - +0 swamp dragon scales
rPois   +            (helmet restricted)
rElec   .            (no cloak)
rCorr   .            n - +2 pair of gloves
SInv    +            g - +0 pair of boots
Will    ++...        (no amulet)
Stlth   +            S - ring of see invisible
HPRegen 1.35/turn    (no ring)
MPRegen 0.11/turn

%: no passive effects
@: strong-willed, on berserk cooldown, regenerating, slowed, very slow
A: horns 2, retaliatory headbutt
a: Renounce Religion, Berserk, Trog's Hand, Brothers in Arms


You were on level 9 of the Dungeon.
You worshipped Trog.
Trog was greatly pleased with you.
You visited 1 branch of the dungeon, and saw 9 of its levels.
You also visited: Sewer.

You collected 540 gold pieces.

Inventory:

Hand Weapons
 a - the +1 great mace of the Twelve Invaders (weapon) {heavy, rC+ Int+2 Dex+2}
   (You found it on level 9 of the Dungeon)

   Int:       It affects your intelligence (+2).
   Dex:       It affects your dexterity (+2).
   rC:        It protects you from cold.
 b - a +0 shortbow of freezing
   (You took it off a centaur on level 6 of the Dungeon)
 e - a +0 hand axe
 z - a +1 war axe of flaming
   (You took it off Maggie on level 7 of the Dungeon)
 J - a +3 spear of venom
   (You took it off a gnoll on level 7 of the Dungeon)
 M - a +4 halberd
   (You took it off a gnoll on level 7 of the Dungeon)
Missiles
 c - 24 poisoned darts (quivered)
 y - a boomerang of dispersal {!f}
 H - 7 boomerangs
 Q - 87 stones
Armour
 g - a +0 pair of boots (worn)
   (You found it on level 1 of the Dungeon)
 h - a +2 ring mail of cold resistance
   (You found it on level 1 of the Dungeon)
 n - a +2 pair of gloves (worn)
   (You found it on level 3 of the Dungeon)
 D - a +0 plate armour
   (You took it off an orc warrior on level 8 of the Dungeon)
 L - +0 swamp dragon scales (worn)
   (You took it off Maggie on level 7 of the Dungeon)
Jewellery
 i - the amulet "Remuxtic" {Faith Rampage Str+2}
   (You found it on level 9 of the Dungeon)

   [amulet of faith]

   It allows you to gain divine favour quickly.
   Str:       It affects your strength (+2).
   Rampage:   It bestows one free step when moving towards enemies.
 k - a ring of ice
   (You found it on level 8 of the Dungeon)
 F - a +6 ring of intelligence
   (You found it on level 6 of the Dungeon)
 S - a ring of see invisible (left hand)
   (You found it on level 9 of the Dungeon)
Wands
 f - a wand of flame (33)
   (You found it on level 6 of the Dungeon)
 E - a wand of roots (12)
   (You found it on level 6 of the Dungeon)
Scrolls
 d - 2 scrolls of fog
 j - a scroll of enchant armour
 p - a scroll of poison {unknown}
 q - a scroll of brand weapon {unknown}
 t - a scroll of teleportation {@r4}
 u - 2 scrolls of vulnerability {unknown}
 w - a scroll of butterflies
 A - 2 scrolls of silence {unknown}
 C - 2 scrolls of magic mapping {unknown}
 I - a scroll of enchant weapon {unknown}
 N - a scroll of fear {unknown}
Potions
 l - 2 potions of cancellation {unknown}
 m - 4 potions of curing {@q1}
 o - 2 potions of brilliance {unknown}
 r - 2 potions of flight
 s - 3 potions of attraction {unknown}
 v - a potion of mutation {unknown}
 x - 6 potions of might
 B - 2 potions of lignification {unknown}
 G - a potion of magic {unknown}
 K - a potion of heal wounds {unknown}


   Skills:
 + Level 9.3 Fighting
 - Level 7.2(9.8) Axes
 * Level 3.7(6.0) Maces & Flails
 - Level 9.5(10.6) Polearms
 * Level 10.5 Ranged Weapons
 - Level 2.4 Armour
 - Level 2.1 Dodging
 - Level 2.6 Stealth


You had 9 spell levels left.
You didn't know any spells.
Your spell library was empty.

Dungeon Overview and Level Annotations

Branches:
Dungeon (9/15) Zot: 26440  Temple (0/1) D:7           Sewer (visited)
   Lair: D:8-11         Orc: D:9-12

Altars:
Cheibriados
Elyvilon
Makhleb
Ru
Sif Muna
Uskayaw
Vehumet
Wu Jian
Yredelemnul
The Shining One

Annotations:
D:9 exclusion: obsidian statue, Erolcha


Innate Abilities, Weirdness & Mutations

You have a pair of horns on your head.
You reflexively headbutt those who attack you in melee.


Message History

The obsidian statue slips into the dungeon's darkness for a moment.
The obsidian statue's eyes glow briefly.
You feel a strong urge to attack something.
Erolcha the Cunning comes into view.
She is wielding a +0 giant club and wearing a +0 robe of cold resistance.
Erolcha shouts!
The obsidian statue's eyes glow briefly.
You feel your anger nearly subside.
You are no longer berserk.
You are exhausted.
You feel yourself slow down. The sun demon hits you.
You are engulfed in flames!
Unknown command.
You barely miss the obsidian statue. The sun demon hits you!!
You are engulfed in flames!
* * * LOW HITPOINT WARNING * * *
Erolcha gestures wildly while chanting.
Erolcha flickers and vanishes for a moment.
The obsidian statue's eyes glow briefly.
The sun demon closely misses you. You furiously retaliate!
You headbutt the sun demon!
The obsidian statue slips into the dungeon's darkness for a moment.
The obsidian statue's eyes glow briefly.
The sun demon hits you!
* * * LOW HITPOINT WARNING * * *
You are engulfed in flames!
* * * LOW HITPOINT WARNING * * *
The sun demon closely misses you. Erolcha casts a spell at you.
The fireball explodes!
The fireball engulfs you!
* * * LOW HITPOINT WARNING * * *
The fireball engulfs the obsidian statue.
The obsidian statue resists.
The fireball engulfs the sun demon.
The sun demon completely resists.
The obsidian statue's eyes glow briefly.
The obsidian statue attempts to bespell you!
You resist with almost no effort.
You hear a croak.
Unknown command.
Unknown command.
Blink to where?
Press: ? - help, Dir - move target
As you read the scroll of blinking, it crumbles to dust.
You feel better.
Erolcha casts a spell.
Erolcha blinks!
The sun demon misses you. The sun demon barely misses you.
You open the door. The sun demon hits you!
* * * LOW HITPOINT WARNING * * *
You are engulfed in flames!
You die...

#.................<#
#...........########
#....4...........
...........O###.#
......8.....#####
#...........4...##
.........O..##...#
#............#.3.#
..............4.@#
#................'...#
.....#...#.......#####
#.......# #.......#
###+#...# ..... ......


You could see a sun demon (summoned), Erolcha (invisible), a hellwing (summoned)
and a rust devil (summoned).

Vanquished Creatures
  A two-headed ogre (D:9)
  An orange crystal statue (D:9)
  Joseph (D:9)
  Maggie (D:7)
  Grinder (D:5)
  A hornet (D:8)
  2 wyverns
  A vampire (D:9)
  Eustachio (D:5)
  A steam dragon (D:8)
  2 water moccasins
  An acid dragon (D:8)
  An orc warrior (D:8)
  A black bear (D:7)
  2 sky beasts (D:7)
  2 ice beasts
  An ogre (D:6)
  4 centaurs
  A kobold brigand (D:8)
  5 bullfrogs
  3 scorpions
  2 water moccasin zombies (D:6)
  4 killer bees
  2 howler monkeys
  A centaur zombie (D:6)
  7 hounds
  2 gnoll boudas
  An orc priest (D:8)
  3 sleepcaps
  2 iguanas
  7 orc wizards
  2 killer bee zombies (D:6)
  2 howler monkey zombies (D:6)
  21 gnolls
  11 adders
  A river rat (D:5)
  2 shadow imps
  A white imp (D:5)
  An ufetubus (D:3)
  4 worms
  2 dart slugs
  32 orcs
  5 endoplasms
  4 giant cockroaches
  12 goblins
  3 hobgoblins
  A jackal (Sewer)
  A quokka (D:2)
  6 ball pythons
  7 bats
  4 frilled lizards
  3 goblin skeletons (D:7)
  2 goblin zombies (D:7)
  A hobgoblin zombie (D:7)
  12 kobolds
  A kobold zombie (D:7)
  An orc zombie (D:7)
  13 rats
220 creatures vanquished.

Notes
Turn   | Place    | Note
-------+----------+-------------------------------------------
     0 | D:1      | Pooter the Minotaur Berserker began the quest for the Orb.
     0 | D:1      | Reached XP level 1. HP: 19/19 MP: 0/0
   166 | D:1      | Reached XP level 2. HP: 24/27 MP: 1/1
   615 | D:1      | Reached skill level 1 in Stealth
  1178 | D:2      | Reached XP level 3. HP: 33/33 MP: 2/2
  1178 | D:2      | Reached ** piety under Trog
  1186 | D:2      | Found a faded altar of an unknown god.
  1460 | D:2      | Reached XP level 4. HP: 38/40 MP: 3/3
  2159 | D:3      | Reached skill level 5 in Axes
  2159 | D:3      | Reached XP level 5. HP: 47/47 MP: 4/4
  2513 | D:4      | Reached skill level 1 in Polearms
  2514 | D:4      | Found a white marble altar of Elyvilon.
  2524 | D:4      | Found a sacrificial altar of Ru.
  2607 | D:4      | Reached skill level 1 in Ranged Weapons
  2674 | D:4      | Reached XP level 6. HP: 55/55 MP: 5/5
  2681 | D:4      | Reached *** piety under Trog
  2810 | D:4      | Reached skill level 2 in Ranged Weapons
  2947 | D:4      | Found an ornate altar of the Wu Jian Council.
  3031 | D:4      | Reached skill level 5 in Fighting
  3345 | D:4      | Found a hide-covered altar of Uskayaw.
  3446 | D:5      | Entered Level 5 of the Dungeon
  3455 | D:5      | Found a snail-covered altar of Cheibriados.
  3456 | D:5      | Found a burning altar of Makhleb.
  3496 | D:5      | Found a glowing drain.
  3514 | D:5      | Reached skill level 3 in Ranged Weapons
  3600 | Sewer    | Entered a sewer
  3643 | Sewer    | Noticed a water moccasin
  3658 | Sewer    | Killed a water moccasin
  3659 | Sewer    | Reached XP level 7. HP: 61/61 MP: 6/6
  4132 | D:5      | Reached skill level 4 in Ranged Weapons
  4254 | D:4      | Reached skill level 5 in Polearms
  4361 | D:5      | Noticed Eustachio
  4410 | D:5      | Killed Eustachio
  4411 | D:5      | Reached skill level 5 in Ranged Weapons
  4411 | D:5      | Reached XP level 8. HP: 70/70 MP: 7/7
  4582 | D:5      | Noticed Grinder
  4595 | D:5      | Killed Grinder
  4922 | D:6      | Reached skill level 6 in Ranged Weapons
  4932 | D:6      | Found a basalt altar of Yredelemnul.
  4969 | D:6      | Found a shimmering blue altar of Sif Muna.
  5122 | D:6      | Reached skill level 7 in Ranged Weapons
  5421 | D:6      | Reached XP level 9. HP: 78/79 MP: 8/8
  6390 | D:6      | Reached **** piety under Trog
  7013 | D:7      | Found a staircase to the Ecumenical Temple.
  7201 | D:7      | Reached skill level 8 in Ranged Weapons
  7583 | D:7      | Found a glowing golden altar of the Shining One.
  7829 | D:7      | Noticed Maggie
  7853 | D:7      | Killed Maggie
  8384 | D:8      | Paralysed by a hornet for 1 turns
  8393 | D:8      | Reached skill level 9 in Ranged Weapons
  8522 | D:8      | Reached XP level 10. HP: 90/90 MP: 9/9
  9170 | D:8      | Found a radiant altar of Vehumet.
  9246 | D:9      | Noticed an orange crystal statue
  9263 | D:9      | Killed an orange crystal statue
  9300 | D:9      | Identified the +1 great mace of the Twelve Invaders {heavy,
                  | rC+ Int+2 Dex+2}
  9311 | D:9      | Identified the amulet "Remuxtic" {Faith Rampage Str+2}
  9406 | D:9      | Noticed a two-headed ogre
  9409 | D:9      | Killed a two-headed ogre
  9410 | D:9      | Reached skill level 10 in Ranged Weapons
  9534 | D:9      | Noticed Joseph
  9542 | D:9      | Killed Joseph
  9760 | D:9      | Noticed an obsidian statue
  9767 | D:9      | Noticed Erolcha
  9768 | D:9      | Noticed a sun demon
  9770 | D:9      | HP: 3/91 [Erolcha/fireball (13)]
  9771 | D:9      | Noticed a rust devil
  9776 | D:9      | Slain by a sun demon

Illustrated notes

Levels and vault maps discovered:
D:1:      amcnicky_arrival_flooded_fountain, layout_basic,
          minmay_rat_gold_closets
D:2:      layout_basic, chequers_ecumenical_altar_twisty
D:3:      layout_basic, minmay_misc_feat_encased
D:4:      layout_basic, nzn_wu_jian_council_hall,
          mainiacjoe_overflow_catwalk_spiral, lemuel_tele_altar
D:5:      minmay_spotlight, layout_gridville, mainiacjoe_overflow_divided_tiny,
          portal_sewer_entry_c, uniq_eustachio, uniq_grinder
D:6:      layout_basic, nicolae_yredelemnul_corpse_copse,
          mainiacjoe_overflow_concentric_impassable, roderic_roman_lattice,
          minmay_ogre_servants
D:7:      layout_basic, nicolae_tso_besieged_by_evil,
          minmay_temple_entry_statues_pillars, dreamdust_gnoll_farm, uniq_maggie
D:8:      layout_cave_pools, mainiacjoe_overflow_small_starburst
D:9:      layout_basic, general_overflow_altar, dpeg_oklobed_lair, minivault_15,
          minivault_16, uniq_erolcha, uniq_joseph, uniq_prince_ribbit1,
          uniq_maurice

Skill      XL: |  1  2  3  4  5  6  7  8  9 10 |
---------------+-------------------------------+-----
Axes           | 4 5 6 7 |  7.2
Stealth        | 1 2 |  2.6
Fighting       | 4 5 6 7 8 9 |  9.3
Polearms       | 2 3 5 7 9 |  9.5
Ranged Weapons | 1 3 5 7 9 10 | 10.5
Maces & Flails | 3 |  3.7
Armour         | |  2.4
Dodging        | |  2.1

Action                     |  1- 3 |  4- 6 |  7- 9 | 10-12 || total
---------------------------+-------+-------+-------+-------++-------
  Melee: Hand axe          |    66 |     7 |       |       ||    73
         Headbutt          |     9 |    12 |    47 |     8 ||    76
         Punch             |     1 |       |     1 |       ||     2
         Halberd           |       |   106 |   219 |       ||   325
         War axe           |       |       |    32 |    26 ||    58
         Great mace        |       |       |       |    17 ||    17
   Fire: Sling             |    23 |    65 |     9 |       ||    97
         Shortbow          |       |       |   112 |    21 ||   133
  Throw: Dart              |       |     2 |       |       ||     2
 Invoke: Berserk           |     1 |     2 |     9 |     5 ||    17
         Trog's Hand       |       |       |     4 |     2 ||     6
    Use: Scroll            |     2 |     1 |     4 |     4 ||    11
         Potion            |       |       |       |     1 ||     1
   Stab: Sleeping          |     1 |     1 |       |       ||     2
 Armour: Animal skin       |     2 |       |       |       ||     2
         Ring mail         |    15 |    60 |   108 |       ||   183
         Chain mail        |     6 |       |       |       ||     6
         Swamp dragon scal |       |       |    19 |    14 ||    33
  Dodge: Dodged            |    41 |    63 |   168 |    34 ||   306
